 Dungeon Crawl Stone Soup version 0.24-a0-515-gbe7f5e2e8d (webtiles) character file.

Game seed: 8454632428766194440

478 Essalna the Caller (level 6, -5/48 HPs)
             Began as a Mummy Summoner on July 21, 2019.
             Shot with an arrow by a centaur (9 damage)
             ... on level 5 of the Dungeon.
             The game lasted 00:15:41 (4915 turns).

Essalna the Caller (Mummy Summoner)                 Turns: 4915, Time: 00:15:42

Health: -5/48      AC:  6    Str: 11    XL:     6   Next: 86%
Magic:  0/10       EV: 12    Int: 16    God:
Gold:   276        SH:  0    Dex: 16    Spells: 2/10 levels left

rFire    . . .     SeeInvis +   p - +5 dagger of Equivalence {drain, Dex+3}
rCold    + . .     Gourm    .   (no shield)
rNeg     + + +     Faith    .   a - +0 robe
rPois    ∞         Spirit   .   h - +0 helmet
rElec    .         Reflect  .   (no cloak)
rCorr    .         Harm     .   n - +2 pair of gloves
MR       .....                  (no boots)
Stlth    ++........             m - amulet of inaccuracy (curse)
HPRegen  0.16/turn              i - ring of protection from fire
MPRegen  0.12/turn              k - ring of see invisible

@: very slightly contaminated
A: no food or potions, fire vulnerability, cold resistance 1, negative energy
resistance 3, torment resistance, unbreathing
a: no special abilities


You were on level 5 of the Dungeon.
You were not hungry.

You visited 1 branch of the dungeon, and saw 5 of its levels.

You collected 276 gold pieces.

Inventory:

Hand Weapons
 c - a +0 dagger
 g - a +1 dagger of speed
 p - the +5 dagger of Equivalence (weapon) {drain, Dex+3}
   (You found it on level 5 of the Dungeon)

   A truly terrible weapon, it drains the life of those it strikes.
   It affects your dexterity (+3).
Armour
 a - a +0 robe (worn)
 h - a +0 helmet (worn)
 n - a +2 pair of gloves (worn)
Jewellery
 i - a ring of protection from fire (left hand)
 k - a ring of see invisible (right hand)
 m - a cursed amulet of inaccuracy (around neck)
 o - an uncursed ring of stealth {unknown}
Wands
 f - a wand of flame (12)
 l - a wand of iceblast (7)
Scrolls
 b - 4 scrolls of remove curse {unknown}
 d - a scroll of teleportation
 e - 2 scrolls of identify {unknown}
 j - 2 scrolls of noise {unknown}


   Skills:
 + Level 4.2 Fighting
 - Level 1.5 Dodging
 - Level 1.5 Stealth
 - Level 2.6 Spellcasting
 + Level 5.0 Summonings
 + Level 2.5 Air Magic


You had 2 spell levels left.
You knew the following spells:

 Your Spells              Type           Power        Failure   Level  Hunger
a - Summon Small Mammal   Summ           ###.         2%          1    N/A
b - Call Canine Familiar  Summ           ###.....     8%          3    N/A
c - Summon Lightning Spi  Summ/Air       ##......     38%         4    N/A

Your spell library contained the following spells:

 Spells                   Type           Power        Failure   Level  Hunger
 Call Imp                 Summ           ###.....     3%          2    N/A
 Corona                   Hex            #......      19%         1    N/A
 Ensorcelled Hibernation  Hex/Ice        #.....       28%         2    N/A
 Sticks to Snakes         Tmut           #.......     28%         2    N/A
 Summon Guardian Golem    Hex/Summ       ##......     21%         3    N/A
 Confuse                  Hex            #.......     50%         3    N/A
 Dazzling Spray           Conj/Hex       #.....       50%         3    N/A
 Tukima's Dance           Hex            #.......     50%         3    N/A
 Summon Ice Beast         Ice/Summ       ##......     56%         4    N/A
 Beastly Appendage        Tmut           Unusable     N/A         1    N/A
 Spider Form              Tmut/Pois      Unusable     N/A         3    N/A
 Ice Form                 Ice/Tmut       Unusable     N/A         4    N/A
 Blade Hands              Tmut           Unusable     N/A         5    N/A

Dungeon Overview and Level Annotations

Branches:
Dungeon (5/15)             Temple (0/1) D:5

Altars:
Dithmenos


Innate Abilities, Weirdness & Mutations

You do not eat or drink.
Your flesh is vulnerable to fire.
You are immune to poison.
Your flesh is cold resistant. (rC+)
You are immune to negative energy. (rN+++)
You are immune to unholy pain and torment.
You can survive without breathing.


Message History

The centaur unwields a +0 shortbow.
The centaur closely misses you.
The centaur hits you but does no damage.
You can't drink.
As you read the scroll labeled FIANETU ITHOAPN, it crumbles to dust.
You feel strangely unstable.
It was a scroll of teleportation.
The centaur misses you.
Casting: Call Canine Familiar (safe; 8% risk of failure)
Confirm with . or Enter, or press ? or * to list all spells.
The centaur closely misses you.
The centaur hits you but does no damage.
Casting: Summon Small Mammal (safe; 2% risk of failure)
Confirm with . or Enter, or press ? or * to list all spells.
The centaur misses you.
Your quokka bites the centaur but does no damage.
You hit the centaur. You drain the centaur.
The centaur is severely wounded.
Your surroundings seem slightly different.
The centaur wields a +0 shortbow.
The centaur shoots an arrow.
The arrow hits you!
You die...

..# #.# .# #.# .#
#.# #.# #.# #.#
#.# #(### #.r@#
###§# #c# #r# #.#
#.# #≈#
§##############(#
#§§§§§((c..§..(.#


You could see a centaur, a friendly quokka and a friendly rat.

Vanquished Creatures
  A centaur skeleton (D:4)
  A hound skeleton (D:4)
  A howler monkey skeleton (D:5)
  7 adders
  A worm (D:4)
  A dart slug (D:1)
  A leopard gecko (D:5)
  2 orcs (D:4)
  3 giant cockroaches
  2 goblins
  2 hobgoblins (D:3)
  A ball python (D:4)
  7 bats
  A frilled lizard (D:2)
  2 leopard gecko skeletons
  5 rats
38 creatures vanquished.

Vanquished Creatures (collateral kills)
  Sigmund (D:5)
  2 ogres
  A scorpion (D:5)
  A hound (D:4)
  An orc priest (D:5)
  An iguana (D:5)
  Terence (D:2)
  A worker ant (D:5)
  3 gnolls
  8 adders
  2 worms
  A dart slug (D:1)
  A leopard gecko (D:4)
  4 goblins
  4 hobgoblins
  4 jackals
  4 kobolds
  A quokka (D:5)
  A frilled lizard (D:1)
  3 rats
45 creatures vanquished.

Vanquished Creatures (others)
  A kobold (D:3)
1 creature vanquished.

Grand Total: 84 creatures vanquished

Notes
Turn   | Place    | Note
-------+----------+-------------------------------------------
     0 | D:1      | Essalna the Mummy Summoner began the quest for the Orb.
     0 | D:1      | Reached XP level 1. HP: 13/13 MP: 4/4
   339 | D:1      | Reached skill level 1 in Fighting
   455 | D:1      | Reached XP level 2. HP: 19/21 MP: 1/5
  1358 | D:2      | Reached XP level 3. HP: 25/27 MP: 1/7
  1363 | D:2      | Learned a level 3 spell: Call Canine Familiar
  1696 | D:2      | Reached skill level 4 in Summonings
  1988 | D:2      | Noticed Terence
  2024 | D:2      | Killed Terence
  2024 | D:2      | Reached XP level 4. HP: 21/34 MP: 1/8
  2148 | D:2      | Learned a level 4 spell: Summon Lightning Spire
  3181 | D:4      | Reached skill level 1 in Air Magic
  3181 | D:4      | Reached XP level 5. HP: 34/41 MP: 5/9
  3412 | D:4      | Noticed an ogre
  3428 | D:4      | Killed an ogre
  3594 | D:4      | Noticed an ogre
  3628 | D:3      | Killed an ogre
  3809 | D:4      | Reached XP level 6. HP: 32/47 MP: 5/10
  4089 | D:5      | Entered Level 5 of the Dungeon
  4089 | D:5      | Found a shadowy altar of Dithmenos.
  4157 | D:5      | Found a staircase to the Ecumenical Temple.
  4511 | D:5      | Noticed Sigmund
  4557 | D:5      | Killed Sigmund
  4785 | D:5      | Reached skill level 5 in Summonings
  4851 | D:5      | Got an ancient dagger
  4852 | D:5      | Identified the +5 dagger of Equivalence {drain, Dex+3} (You
                  | found it on level 5 of the Dungeon)
  4915 | D:5      | Shot with an arrow by a centaur

Levels and vault maps discovered:
D:1:      dpeg_arrival_water_temple_mockup, layout_loops_corners
D:2:      layout_loops_cross, eino_tiny_chamber, uniq_terence
D:3:      layout_loops_ring, first_ration
D:4:      layout_rooms, nicolae_overflow_hidden_temple, minmay_misc_feat_x
D:5:      layout_loops_ring, minmay_temple_entry_proselytizer, basic_altar,
          uniq_sigmund

Skill      XL: |  1  2  3  4  5  6 |
---------------+-------------------+-----
Fighting       | 1 2 3 4 |  4.2
Summonings     | 4 5 |  5.0
Air Magic      | 1 2 |  2.5
Dodging        | |  1.5
Stealth        | |  1.5
Spellcasting   | |  2.6

Action                   |  1- 3 |  4- 6 || total
-------------------------+-------+-------++-------
Melee: Unarmed           |    14 |       ||    14
       Dagger            |    66 |   201 ||   267
 Cast: Summon Small Mamm |    39 |     4 ||    43
       Call Canine Famil |     7 |    33 ||    40
       Summon Lightning  |       |     2 ||     2
  Use: Scroll            |       |     1 ||     1
 Stab: Distracted        |     1 |       ||     1
       Sleeping          |       |     2 ||     2
Armor: Robe              |    19 |    45 ||    64
Dodge: Dodged            |    70 |    97 ||   167

Table legend:
 A = Non-vault XP
 B = Vault XP
 C = Vault XP percentage of total XP
 D = Non-vault monster count
 E = Vault monster count
 F = Vault count percentage of total count
                 A         B        C        D         E       F
            +---------+---------+-------+---------+---------+-------
      Total |     524 |     160 |  23.4 |      80 |       3 |   3.6
            +---------+---------+-------+---------+---------+-------
        D:1 |      24 |       0 |   0.0 |      17 |       0 |   0.0
        D:2 |      75 |      18 |  19.4 |      21 |       1 |   4.5
        D:3 |     123 |       0 |   0.0 |      16 |       0 |   0.0
        D:4 |     186 |       0 |   0.0 |      15 |       0 |   0.0
        D:5 |     116 |     142 |  55.0 |      11 |       2 |  15.4
            +---------+---------+-------+---------+---------+-------
